 Dungeon Crawl Stone Soup version 0.29-a0-819-g94b489e0ae (webtiles) character file.

Game seed: 6474725491026645684

803 soberaf the Slasher (level 7, 0/53 HPs)
             Began as a Gnoll Wanderer on July 6, 2022.
             Was an Initiate of Ashenzari.
             Slain by a gnoll
             ... wielding a +0 halberd
              (8 damage)
             ... on level 4 of the Dungeon.
             The game lasted 00:14:48 (5519 turns).

soberaf the Slasher (Gnoll Wanderer)                Turns: 5519, Time: 00:14:49

Health: 0/53       AC:  3    Str:  9    XL:     7   Next: 91%
Magic:  9/13       EV: 12    Int: 14    God:    Ashenzari [......]
Gold:   146        SH:  4    Dex: 13    Spells: 6/14 levels left

rFire   . . .      SeeInvis .   a - +1 falchion
rCold   . . .      Faith    .   p - +0 buckler
rNeg    . . .      Spirit   .   c - +0 robe
rPois   .          Reflect  .   (no helmet)
rElec   .          Harm     .   f - +0 cloak
rCorr   .          Rampage  .   (no gloves)
Will    .....                   (no boots)
Stlth   ++........              (no amulet)
HPRegen 0.17/turn               (no ring)
MPRegen 0.13/turn               (no ring)

@: very slightly contaminated
A: fangs 1, strong nose, distributed training
a: Renounce Religion


You were on level 4 of the Dungeon.
You worshipped Ashenzari.
Ashenzari was noncommittal.
You visited 2 branches of the dungeon, and saw 8 of its levels.

You collected 146 gold pieces.

Inventory:

Hand Weapons
 a - a +1 falchion (weapon)
Missiles
 i - 3 poisoned darts (quivered)
 q - 3 curare-tipped darts
Armour
 c - a +0 robe (worn)
 f - a +0 cloak (worn)
 p - a +0 buckler (worn)
Wands
 b - a wand of digging (6)
Scrolls
 d - 4 scrolls of identify {unknown}
 e - 2 scrolls of noise {unknown}
 g - a scroll of silence {unknown}
 h - a scroll of fear {unknown}
 j - 2 scrolls of vulnerability {unknown}
 r - a scroll of teleportation {unknown}
 s - 2 scrolls of fog {unknown}
Potions
 k - a potion of resistance {unknown}
 l - a potion of attraction {unknown}
 m - a potion of berserk rage {unknown}
 n - a potion of might {unknown}
 o - a potion of brilliance {unknown}


   Skills:
 + Level 3.9 Fighting
 + Level 2.9 Short Blades
 + Level 7.2 Long Blades
 + Level 2.9 Axes
 + Level 2.9 Maces & Flails
 + Level 2.9 Polearms
 + Level 2.9 Staves
 + Level 2.9 Ranged Weapons
 + Level 2.9 Throwing
 + Level 3.9 Armour
 + Level 3.9 Dodging
 + Level 2.9 Stealth
 + Level 2.9 Shields
 + Level 2.9 Unarmed Combat
 + Level 4.1 Spellcasting
 + Level 2.3 Conjurations
 + Level 2.3 Hexes
 + Level 6.0 Summonings
 + Level 2.3 Necromancy
 + Level 2.3 Translocations
 + Level 2.3 Transmutations
 + Level 2.3 Fire Magic
 + Level 2.3 Ice Magic
 + Level 2.3 Air Magic
 + Level 2.3 Earth Magic
 + Level 2.3 Poison Magic
 + Level 3.2 Invocations
 + Level 2.9 Evocations


You had 6 spell levels left.
You knew the following spells:

 Your Spells              Type           Power      Damage    Failure   Level
a - Summon Small Mammal   Summ           76%        N/A       2%          1
b - Summon Guardian Gole  Hex/Summ       14%        N/A       14%         3
c - Animate Armour        Summ/Erth      28%        N/A       41%         4

Your spell library contained the following spells:

 Spells                   Type           Power      Damage    Failure   Level
 Scorch                   Fire           18%        2d5       14%         2
 Gell's Gravitas          Tloc           9%         N/A       28%         3
 Lesser Beckoning         Tloc           9%         N/A       28%         3
 Teleport Other           Tloc           9%         N/A       28%         3
 Flame Wave               Conj/Fire      9%         2d5       67%         4
 Summon Cactus Giant      Summ           9%         N/A       97%         6


Dungeon Overview and Level Annotations

Branches:
Dungeon (7/15)             Temple (1/1) D:5

Altars:
Ashenzari
Cheibriados
Dithmenos
Elyvilon
Fedhas
Hepliaklqana
Kikubaaqudgha
Makhleb
Nemelex Xobeh
Qazlal
Ru
Sif Muna
Trog
Vehumet
Xom
Yredelemnul
Zin
The Shining One

Shops:
D:5 (

Annotations:
D:2 1 runed translucent door, Crazy Yiuf
D:3 Natasha


Innate Abilities, Weirdness & Mutations

You have very sharp teeth.
Your uncanny sense of smell can sniff out nearby items.
Your experience applies equally to all skills.


Message History

Confirm with . or Enter, or press ? or * to list all spells.
The gnoll hits you with a +0 halberd!
The gnoll hits you from afar with a +0 halberd!
The gnoll barely misses you.
Casting: Summon Small Mammal (safe; 2% risk of failure)
Confirm with . or Enter, or press ? or * to list all spells.
The gnoll misses you. The gnoll barely misses you.
Your quokka bites the gnoll but does no damage.
The gnoll barely misses you.
The gnoll hits you with a +2 flail of protection!
The gnoll misses your rat. The gnoll hits you with a +0 halberd.
The gnoll attacks as you move away! The gnoll misses you.
The gnoll hits your rat with a +0 halberd!
Your rat dies!
Your rat's corpse disappears in a puff of smoke!
Your quokka bites the gnoll.
The gnoll closely misses you.
Your quokka bites the gnoll.
The gnoll hits your quokka with a +0 halberd.
Your quokka bites the gnoll.
You see here 12 gold pieces.
Casting: Summon Small Mammal (safe; 2% risk of failure)
Confirm with . or Enter, or press ? or * to list all spells.
You miscast Summon Guardian Golem.
You are very lightly contaminated with residual magic.
Nothing appears to happen.
The gnoll misses your quokka.
The gnoll hits you with a +2 flail of protection.
Your quokka closely misses the gnoll.
The gnoll attacks as you move away! The gnoll closely misses you.
The gnoll hits your quokka with a +0 halberd!
Your quokka dies!
Your quokka's corpse disappears in a puff of smoke!
Things that are here:
a +0 whip; 2 poisoned darts; a kobold corpse The gnoll attacks as you move away!
The gnoll hits you with a +2 flail of protection!
* * * LOW HITPOINT WARNING * * *
Casting: Summon Guardian Golem (dangerous; 14% risk of failure)
Confirm with . or Enter, or press ? or * to list all spells.
The gnoll hits you from afar with a +0 halberd!
You die...

#.....## .......# ..
...†...# #######..
..<....## ##........
#.......### ##........
##....#....# #.......#
####.####..##.#.b...#
##.....# #..........#
.......# ###.#g@....#
.......# #..........#
#......####..gg......#
.......##....g.......#
..............##.....#
...........).#####.<.##
#..#..................#
#........$............#
.........†............#


You could see 4 gnolls and a friendly bat (summoned).

Vanquished Creatures
  2 black bears (D:5)
  2 scorpions
  A necrophage (D:4)
  A hound (D:6)
  2 iguanas (D:5)
  Natasha (D:3)
  4 adders
  2 gnolls (D:2)
  2 ufetubi (D:5)
  2 dart slugs
  4 orcs
  2 ball pythons
  9 bats
  6 endoplasms
  A giant cockroach (D:2)
  2 goblins
  6 hobgoblins
  4 quokkas
  A frilled lizard (D:3)
  9 kobolds
  7 rats
70 creatures vanquished.

Vanquished Creatures (collateral kills)
  A centaur (D:5)
  A scorpion (D:5)
  An orc wizard (D:3)
  3 adders
  A gnoll (D:2)
  2 worms (D:4)
  An endoplasm (D:4)
  A goblin (D:1)
  A hobgoblin (D:1)
  A ball python (D:2)
  2 bats
15 creatures vanquished.

Grand Total: 85 creatures vanquished

Notes
Turn   | Place    | Note
-------+----------+-------------------------------------------
     0 | D:1      | soberaf the Gnoll Wanderer began the quest for the Orb.
     0 | D:1      | soberaf set off with the following items: a +1 falchion, a
                  | potion of curing, a +0 robe; and the following spell
                  | memorised: Summon Small Mammal; and the following spells
                  | available to memorise: Summon Guardian Golem, Animate
                  | Armour.
     0 | D:1      | Reached XP level 1. HP: 17/17 MP: 4/4
   302 | D:1      | Reached XP level 2. HP: 23/23 MP: 5/5
  1114 | D:1      | Reached XP level 3. HP: 28/28 MP: 4/7
  1425 | D:2      | Reached skill level 1 in Invocations
  1631 | D:2      | Found a burning altar of Makhleb.
  1686 | D:2      | Reached skill level 1 in Short Blades
  1686 | D:2      | Reached skill level 1 in Axes
  1686 | D:2      | Reached skill level 1 in Maces & Flails
  1686 | D:2      | Reached skill level 1 in Polearms
  1686 | D:2      | Reached skill level 1 in Staves
  1686 | D:2      | Reached skill level 1 in Ranged Weapons
  1686 | D:2      | Reached skill level 1 in Throwing
  1686 | D:2      | Reached skill level 1 in Stealth
  1686 | D:2      | Reached skill level 1 in Shields
  1686 | D:2      | Reached skill level 1 in Unarmed Combat
  1686 | D:2      | Reached skill level 1 in Evocations
  2010 | D:2      | Reached XP level 4. HP: 32/34 MP: 8/8
  2054 | D:2      | Reached skill level 1 in Conjurations
  2054 | D:2      | Reached skill level 1 in Hexes
  2054 | D:2      | Reached skill level 1 in Necromancy
  2054 | D:2      | Reached skill level 1 in Translocations
  2054 | D:2      | Reached skill level 1 in Transmutations
  2054 | D:2      | Reached skill level 1 in Fire Magic
  2054 | D:2      | Reached skill level 1 in Ice Magic
  2054 | D:2      | Reached skill level 1 in Air Magic
  2054 | D:2      | Reached skill level 1 in Earth Magic
  2054 | D:2      | Reached skill level 1 in Poison Magic
  2180 | D:2      | Found a faded altar of an unknown god.
  2220 | D:2      | Learned a level 3 spell: Summon Guardian Golem
  2225 | D:2      | Learned a level 4 spell: Animate Armour
  2498 | D:2      | Found a runed translucent door.
  2499 | D:2      | Noticed Crazy Yiuf
  2617 | D:3      | Found a shimmering altar of Xom.
  2647 | D:3      | Reached XP level 5. HP: 28/40 MP: 9/9
  2836 | D:3      | Found an ancient bone altar of Kikubaaqudgha.
  3003 | D:3      | Noticed Natasha
  3030 | D:3      | Killed Natasha
  3185 | D:3      | Found a stormy altar of Qazlal.
  3373 | D:3      | Found a faded altar of an unknown god.
  3380 | D:3      | Found a shadowy altar of Dithmenos.
  3685 | D:4      | Noticed an ogre
  3782 | D:2      | HP: 2/41 [adder (2)]
  3981 | D:3      | Noticed Natasha
  4014 | D:4      | You fall into a shaft and drop 3 floors!
  4029 | D:7      | Noticed a sky beast
  4109 | D:6      | Reached XP level 6. HP: 35/47 MP: 9/11
  4181 | D:6      | Noticed an ice beast
  4188 | D:5      | Entered Level 5 of the Dungeon
  4190 | D:5      | Noticed a black bear
  4199 | D:5      | Killed a black bear
  4270 | D:5      | Found Diovusos's Firing Range.
  4366 | D:5      | Reached skill level 7 in Long Blades
  4366 | D:5      | Reached XP level 7. HP: 24/52 MP: 7/12
  4573 | D:5      | Found a staircase to the Ecumenical Temple.
  4586 | Temple   | Entered the Ecumenical Temple
  4829 | Temple   | Became a worshipper of Ashenzari the Shackled
  5519 | D:4      | Slain by a gnoll

Illustrated notes

Levels and vault maps discovered:
D:1:      sevenhm_arrival_forest_fort_large_4, layout_basic,
          nicolae_hexahallways
D:2:      layout_basic, hellmonk_ecumenical_altar_zigzags, basic_altar,
          fountainhead, uniq_crazy_yiuf_cottage
D:3:      layout_loops_cross, xom_teletrap_fun, mainiacjoe_overflow_paths,
          lemuel_doored_altar, nicolae_overflow_ecumenical_swirl, st_stairs_9,
          uniq_natasha
D:4:      kennysheep_the_goblin_king, layout_rooms, uniq_menkaure, uniq_ijyb
D:5:      layout_loops_corners, nicolae_gozag_cash_rules_everything_around_me,
          minmay_temple_entry_ruins, serial_shops, nicolae_shop_hallway_stairs,
          kennysheep_big_empty_room, nicolae_shop_firing_range
D:6:      layout_basic, serial_shops, nicolae_take_the_stairs,
          minmay_misc_feat_pillars, minmay_misc_feat_room, lightli_minifort
D:7:      layout_basic, mainiacjoe_overflow_tiny_flanked, enter_bailey_1,
          gammafunk_ghost_grave, uniq_maggie, uniq_prince_ribbit1
Temple:   minmay_temple_curvy_branch

Skill      XL: |  1  2  3  4  5  6  7 |
---------------+----------------------+-----
Invocations    | 1 2 3 |  3.2
Short Blades   | 1 2 |  2.9
Axes           | 1 2 |  2.9
Maces & Flails | 1 2 |  2.9
Polearms       | 1 2 |  2.9
Staves         | 1 2 |  2.9
Ranged Weapons | 1 2 |  2.9
Throwing       | 1 2 |  2.9
Stealth        | 1 2 |  2.9
Shields        | 1 2 |  2.9
Unarmed Combat | 1 2 |  2.9
Evocations     | 1 2 |  2.9
Spellcasting   | 3 4 |  4.1
Conjurations   | 1 2 |  2.3
Hexes          | 1 2 |  2.3
Necromancy     | 1 2 |  2.3
Translocations | 1 2 |  2.3
Transmutations | 1 2 |  2.3
Fire Magic     | 1 2 |  2.3
Ice Magic      | 1 2 |  2.3
Air Magic      | 1 2 |  2.3
Earth Magic    | 1 2 |  2.3
Poison Magic   | 1 2 |  2.3
Fighting       | 3 |  3.9
Armour         | 3 |  3.9
Dodging        | 3 |  3.9
Long Blades    | 7 |  7.2
Summonings     | 6 |  6.0

Action                   |  1- 3 |  4- 6 |  7- 9 || total
-------------------------+-------+-------+-------++-------
Melee: Falchion          |    79 |    93 |    47 ||   219
       Bite              |     6 |     7 |     2 ||    15
       Punch             |     1 |     1 |       ||     2
Throw: Dart              |     5 |    25 |    13 ||    43
 Cast: Summon Small Mamm |    18 |    31 |     7 ||    56
  Use: Potion            |     2 |     2 |       ||     4
 Stab: Sleeping          |     1 |     1 |     1 ||     3
       Distracted        |     1 |       |       ||     1
Armor: Robe              |    27 |    27 |     7 ||    61
Dodge: Dodged            |    63 |    58 |    31 ||   152
Block: Buckler           |       |     8 |     2 ||    10

Table legend: (Time is in decaauts)
 A = Elapsed time spent in this place.
 B = Non-inter-level travel time spent in this place.
 C = Inter-level travel time spent in this place.
 D = Time resting spent in this place.
 E = Time spent auto-exploring this place.
 F = Levels seen in this place.
 G = Mean time per level.
                   A        B        C        D        E       F      G
               +--------+--------+--------+--------+--------+-----+--------+
         Total |   5521 |   5300 |    221 |    553 |   3669 |   8 |  690.1 |
       Dungeon |   5249 |   5033 |    216 |    553 |   3409 |   7 |  749.9 |
        Temple |    271 |    266 |      5 |      0 |    260 |   1 |  271.0 |
               +--------+--------+--------+--------+--------+-----+--------+

Top non-repeatable levels by time:
     D:2: 1442 daAuts
     D:1: 1288 daAuts
     D:3: 1262 daAuts
     D:5: 850 daAuts
  Temple: 271 daAuts
     D:4: 232 daAuts
     D:6: 125 daAuts
     D:7: 47 daAuts
